 Dungeon Crawl Stone Soup version 0.30-a0-830-gfe289a77b0 (webtiles) character file.

Game seed: 12774977861164957743

1 Twinkles the Sneak (level 1, -5/20 HPs)
             Began as a Hill Orc Delver on Feb 28, 2023.
             Slain by an ogre
             ... wielding a +0 giant club
              (20 damage)
             ... on level 5 of the Dungeon.
             The game lasted 00:00:22 (84 turns).

Twinkles the Sneak (Hill Orc Delver)                  Turns: 84, Time: 00:00:23

Health: -5/20      AC:  3    Str: 14    XL:     1   Next: 20%
Magic:  1/1        EV: 11    Int: 10    God:
Gold:   0          SH:  0    Dex: 12    Spells: 0/0 levels left

rFire   . . .      SeeInvis .    a - +0 hand axe
rCold   . . .      Faith    .    (no shield)
rNeg    . . .      Spirit   .    b - +0 leather armour
rPois   .          Reflect  .    (no helmet)
rElec   .          Harm     .    (no cloak)
rCorr   .          Rampage  .    (no gloves)
Will    .....                    (no boots)
Stlth   ++                       (no amulet)
HPRegen 0.23/turn                (no ring)
MPRegen 0.07/turn                (no ring)

@: no status effects
A: no striking features
a: no special abilities


You were on level 5 of the Dungeon.
You visited 1 branch of the dungeon, and saw 1 of its levels.

Inventory:

Hand Weapons
 a - a +0 hand axe (weapon)
Armour
 b - a +0 leather armour (worn)
Wands
 d - a wand of digging (3)
Scrolls
 E - a scroll of fear
 F - a scroll of fog
 X - a scroll of magic mapping
Potions
 H - a potion of haste


   Skills:
 + Level 3.6 Fighting
 + Level 2.7 Axes
 + Level 1.6 Dodging
 + Level 4.1 Stealth


You couldn't memorise any spells.
You didn't know any spells.
Your spell library was empty.

Dungeon Overview and Level Annotations

Branches:
Dungeon (5/15) Zot: 5915
 Temple: D:4-7

Altars:


Message History

The ogre shouts!
Found a chain mail.
An orc and a jackal come into view.
You hear the slow rusting of a very distant drain.
Found a club.
An orc and 2 jackals come into view.
The orc is wielding a +2 short sword of electrocution.
The jackal barks!
Found a scroll labelled WOVONATOADD.
The gnoll shouts!
The jackal attacks as you move away! The jackal misses you.
The jackal attacks as you move away! The jackal completely misses you.
The orc shouts!
The jackal closely misses you. The jackal attacks as you move away!
The jackal bites you.
The orc shouts!
The jackal bites you but does no damage.
The jackal bites you but does no damage.
The jackal closely misses you. The jackal misses you. The jackal bites you.
You hit the jackal.
The jackal is moderately wounded.
The jackal barely misses you.
You hit the jackal but do no damage.
The jackal is moderately wounded.
You barely miss the jackal. The jackal bites you.
The jackal closely misses you. The jackal misses you.
The jackal closely misses you.
You slash the jackal!
You kill the jackal!
You completely miss the jackal.
The jackal bites you but does no damage.
The jackal bites you. The jackal barely misses you.
You see here a jackal corpse.
The ogre attacks as you move away!
The ogre hits you with a +0 giant club!!
Ouch! That really hurt!
You die...

#.#
#################.##
#...?...............
#P...~~~~~~~~≈≈o~~~~
#....≈≈~≈~~≈≈≈≈≈≈≈≈≈
#....~≈#####~≈~~~~≈~
#....~≈#og.#........
#..OP~≈#...#########
#..@h≈≈###+#
#....~≈~.#
#....~≈~.#
#....≈≈~.#
#.P..~≈~.#
#....~~~.#
#....~≈~.#
#....~≈≈.#
#....≈≈~.#


You could see an ogre and a jackal.

Vanquished Creatures
  A jackal (D:5)
1 creature vanquished.

Notes
Turn   | Place    | Note
-------+----------+-------------------------------------------
     0 | D:5      | Twinkles the Hill Orc Delver began the quest for the Orb.
     0 | D:5      | Reached XP level 1. HP: 19/19 MP: 1/1
     1 | D:5      | Noticed an ogre
    84 | D:5      | Slain by an ogre

Illustrated notes

Levels and vault maps discovered:
D:5:      lemuel_castle_with_subvaults [lemuel_castle_interior_carwin_3],
          layout_loops_ring, mainiacjoe_overflow_boulevard, lemuel_round_altar,
          cheibrodos_sewer_entry_bend, serial_shops, shop_fountains, uniq_pikel,
          uniq_sigmund

Action                     || total
---------------------------++-------
  Melee: Hand axe          ||     3
 Armour: Leather armour    ||     3
  Dodge: Dodged            ||    10

Table legend: (Time is in decaauts)
 A = Elapsed time spent in this place.
 B = Non-inter-level travel time spent in this place.
 C = Inter-level travel time spent in this place.
 D = Time resting spent in this place.
 E = Time spent auto-exploring this place.
 F = Levels seen in this place.
 G = Mean time per level.
                   A        B        C        D        E       F      G
               +--------+--------+--------+--------+--------+-----+--------+
         Total |     84 |     84 |      0 |      0 |      6 |   1 |   84.0 |
       Dungeon |     84 |     84 |      0 |      0 |      6 |   1 |   84.0 |
               +--------+--------+--------+--------+--------+-----+--------+

Top non-repeatable levels by time:
     D:5: 84 daAuts
